 Dungeon Crawl Stone Soup version 0.17-a0-1954-g0dddeaa (webtiles) character file.

17 Shim the Sneak (level 2, 0/13 HPs)
             Began as a Spriggan Enchanter on Oct 3, 2015.
             Slain by an adder (3 damage)
             ... on level 2 of the Dungeon.
             The game lasted 00:06:24 (1125 turns).

Shim the Sneak (Spriggan Enchanter)                 Turns: 1125, Time: 00:06:24

Health: 0/13       AC:  3    Str:  4    XL:     2   Next: 44%
Magic:  6/6        EV: 18    Int: 16    God:
Gold:   25         SH:  0    Dex: 16    Spells: 2 memorised, 3 levels left

rFire  x . .     SeeInvis +     l - +2 dagger (vamp)
rCold  + . .     Clarity  .     b - +1 robe
rNeg   . . .     SustAt   .     (shield restricted)
rPois  .         Gourm    .     (helmet restricted)
rElec  .         Spirit   .     (no cloak)
rCorr  .         Warding  .     (gloves unavailable)
rMut   .         Stasis   .     (boots unavailable)
MR     .....                    (no amulet)
Stlth  +++.......               (no ring)
                                f - ring of ice

@: very quick, not resistant to hostile enchantments, fairly stealthy
A: unfitting armour, see invisible, herbivore 3, speed 3, slow metabolism 2
a: no special abilities


You were on level 2 of the Dungeon.
You were full.

You visited 1 branch of the dungeon, and saw 2 of its levels.

You collected 25 gold pieces.

Inventory:

Hand weapons
 a - a +1 dagger
 i - a +0 hunting sling
 l - a +2 vampiric dagger (weapon)
Missiles
 g - 28 sling bullets
Armour
 b - a +1 robe (worn)
Jewellery
 f - a ring of ice (left hand)
Scrolls
 j - a scroll of enchant armour {unknown}
 m - a scroll of recharging {unknown}
 n - a scroll of enchant weapon {unknown}
Potions
 e - 3 potions of curing {unknown}
 h - a potion of brilliance {unknown}
Books
 c - a book of Maledictions

   Spells                             Type                      Level
   a - Corona                         Hexes                        1
   b - Ensorcelled Hibernation        Hexes/Ice                    2
   c - Confuse                        Hexes                        3
   d - Tukima's Dance                 Hexes                        3
   e - Dazzling Spray                 Conjuration/Hexes            3
Comestibles
 k - a meat ration


   Skills:
 + Level 1.1 Short Blades
 + Level 3.4 Dodging
 + Level 4.7 Stealth
 + Level 2.8 Spellcasting
 + Level 4.1 Hexes


You had 3 spell levels left.
You knew the following spells:

 Your Spells              Type           Power        Failure   Level  Hunger
a - Corona                Hex            ###....      4%          1    #......
b - Ensorcelled Hibernat  Hex/Ice        ##....       14%         2    ##.....


Dungeon Overview and Level Annotations

Branches:
Dungeon (2/15)

Altars:


Innate Abilities, Weirdness & Mutations

You are tiny and cannot use many weapons and most armour.
You have supernaturally acute eyesight.
You are a herbivore.
You cover ground extremely quickly.
You need consume almost no food.


Message History

The giant gecko closely misses you.
You completely miss the giant gecko.
The giant gecko is moderately wounded.
The giant gecko closely misses you.
You barely miss the giant gecko.
The giant gecko is moderately wounded.
The giant gecko closely misses you.
You hit the giant gecko.
The giant gecko is severely wounded.
The giant gecko misses you. The adder bites you.
You hit the giant gecko.
You feel better.
The giant gecko is almost dead.
The giant gecko bites you. The adder completely misses you.
You barely miss the adder. The giant gecko bites you.
* * * LOW HITPOINT WARNING * * *
The adder misses you. The giant gecko barely misses you.
You hit the giant gecko.
You kill the giant gecko!
The adder bites you.
You die...

#.)........#
#........#.#
#........#..#
#........#..#
#........#...
#..>.....##..#
#........# ..#
#........###.##
#.......@†....#
...........S....#
..##+####.......#
#. #........#
#......#.#
#......# >
#......# #....l.#


You could see an adder and a giant newt (sleeping).

Vanquished Creatures
  2 giant geckos
  3 hobgoblins
  7 bats
  A goblin (D:2)
  3 kobolds
  A rat (D:1)
17 creatures vanquished.

Notes
Turn   | Place    | Note
--------------------------------------------------------------
     0 | D:1      | Shim the Spriggan Enchanter began the quest for the Orb.
     0 | D:1      | Reached XP level 1. HP: 9/9 MP: 5/5
   458 | D:1      | Reached XP level 2. HP: 13/13 MP: 6/6
   654 | D:1      | Learned a level 2 spell: Ensorcelled Hibernation
  1125 | D:2      | Slain by an adder

Vault maps used:
D:1:      sevenhm_arrival_forest_fort_large_1
D:2:      okawaru_metal_pillars_1_2, minmay_rats_cheesy_pizza, uniq_natasha

Action                   || total
-------------------------++-------
Melee: Dagger            ||    48
 Stab: Sleeping          ||     6
  Eat: Bread ration      ||     2
